 Dungeon Crawl Stone Soup version 0.28.0 (webtiles) character file.

Game seed: 4540628121494404504

97374 Angani the Force of Nature (level 15, -10/174 (189) HPs)
             Began as a Red Draconian Delver on Feb 14, 2022.
             Was the Champion of Fedhas.
             Killed from afar by a molten gargoyle (15 damage)
             ... with a bolt of magma
             ... on level 2 of the Elven Halls.
             The game lasted 01:03:28 (35527 turns).

Angani the Force of Nature (Red Draconian Delver)  Turns: 35527, Time: 01:03:29

HP:   -10/174 (189) AC: 18    Str: 21    XL:     15   Next: 71%
MP:   35/35         EV: 21    Int: 18    God:    Fedhas [******]
Gold: 1232          SH: 14    Dex: 14    Spells: 14/14 levels left

rFire   + + +      SeeInvis .   T - +4 demon trident (elec)
rCold   + + +      Faith    +   p - +2 shield of Resistance {rF++ rC++ Will++}
rNeg    . . .      Spirit   .   (armour unavailable)
rPois   .          Reflect  .   K - +0 hat of Noon {Int+4 Stlth+}
rElec   +          Harm     .   O - +1 cloak "Kefrir" {-Cast rC+ Str+6 Int-2}
rCorr   .          Rampage  .   j - +1 pair of gloves
Will    +++..      NoCast   +   y - +0 pair of boots "Biuddee" {MP+9}
Stlth   ..........              U - amulet of faith
HPRegen 0.39/turn               h - +4 ring of evasion
MPRegen 0.24/turn               x - ring of Xuho {rElec rF+ AC+4}

@: berserking (expiring), drained, very quick
A: breathe fire, AC +9, unfitting armour, fire resistance 1, cold-blooded
a: Breathe Fire, Renounce Religion, Wall of Briars, Grow Ballistomycete,
Overgrow, Grow Oklob


You were on level 2 of the Elven Halls.
You worshipped Fedhas.
Fedhas was exalted by your worship.
You visited 4 branches of the dungeon, and saw 25 of its levels.
You also visited: Gauntlet and Volcano.

You collected 3430 gold pieces.
You spent 2198 gold pieces at shops.

Inventory:

Hand Weapons
 T - a +4 demon trident of electrocution (weapon)
Missiles
 r - a throwing net (quivered)
 R - 5 silver javelins
Armour
 j - a +1 pair of gloves (worn)
 p - the +2 shield of Resistance (worn) {rF++ rC++ Will++}
   (You acquired it on level 7 of the Dungeon)

   rF:        It greatly protects you from fire.
   rC:        It greatly protects you from cold.
   Will:      It greatly increases your willpower.
 y - the +0 pair of boots "Biuddee" (worn) {MP+9}
   (You found it in a Gauntlet)

   MP:        It affects your magic capacity (+9).
 K - the +0 hat of Noon (worn) {Int+4 Stlth+}
   (You found it in a Gauntlet)

   Int:       It affects your intelligence (+4).
   Stlth:     It makes you more stealthy.
 O - the +1 cloak "Kefrir" (worn) {-Cast rC+ Str+6 Int-2}
   (You bought it in a shop on level 2 of the Orcish Mines)

   Str:       It affects your strength (+6).
   Int:       It affects your intelligence (-2).
   rC:        It protects you from cold.
   -Cast:     It prevents spellcasting.
Jewellery
 d - a ring of positive energy
 h - a +4 ring of evasion (left hand)
 x - the ring of Xuho (right hand) {rElec rF+ AC+4}
   (You found it on level 8 of the Dungeon)

   [ring of protection]

   AC:        It affects your AC (+4).
   rF:        It protects you from fire.
   rElec:     It insulates you from electricity.
 U - an amulet of faith (around neck)
Wands
 f - a wand of digging (2)
 o - a wand of acid (6)
 q - a wand of mindburst (20)
 D - a wand of paralysis (17)
 E - a wand of flame (26)
 G - a wand of polymorph (4)
 L - a wand of iceblast (28)
 V - a wand of charming (8)
Scrolls
 b - 5 scrolls of fog
 c - 2 scrolls of magic mapping
 k - 8 scrolls of teleportation
 s - a scroll of immolation
 t - a scroll of blinking
 u - a scroll of enchant armour
 w - 3 scrolls of amnesia
 A - a scroll of silence
 M - 3 scrolls of fear
 P - 2 scrolls of brand weapon
 S - a scroll of summoning
Potions
 a - 3 potions of berserk rage
 e - 11 potions of curing
 g - 6 potions of cancellation
 i - 3 potions of magic
 l - 4 potions of brilliance
 m - 4 potions of ambrosia
 n - 4 potions of attraction
 v - 9 potions of mutation
 z - 2 potions of invisibility
 B - 2 potions of resistance
 C - 2 potions of lignification
 H - 6 potions of haste
 J - 5 potions of heal wounds
 N - a potion of might
 Q - 2 potions of flight
Miscellaneous
 W - a condenser vane
 X - a phial of floods
 Z - a tin of tremorstones (2/2)


   Skills:
 - Level 10.0 Fighting
 + Level 13.2(13.8) Polearms
 - Level 6.8(10.9) Staves
 + Level 13.0 Dodging
 - Level 4.5 Stealth
 + Level 12.8 Shields
 + Level 15.1 Invocations


You had 14 spell levels left.
You didn't know any spells.
Your spell library contained the following spells:

 Spells                   Type           Power      Damage    Failure   Level
 Animate Skeleton         Necr           0%         N/A       38%         1
 Apportation              Tloc           0%         N/A       38%         1
 Beastly Appendage        Tmut           0%         N/A       38%         1
 Sandblast                Erth           0%         2d4       38%         1
 Sting                    Tmut/Pois      0%         1d3       38%         1
 Summon Small Mammal      Summ           0%         N/A       38%         1
 Corpse Rot               Necr/Air       0%         N/A       54%         2
 Passwall                 Tmut/Erth      0%         N/A       54%         2
 Poisonous Vapours        Pois/Air       0%         N/A       54%         2
 Sublimation of Blood     Necr           0%         N/A       54%         2
 Wereblood                Tmut           0%         N/A       54%         2
 Confusing Touch          Hex            0%         N/A       77%         3
 Gell's Gravitas          Tloc           0%         N/A       77%         3
 Ignite Poison            Fire/Tmut/Pois 0%         N/A       77%         3
 Lesser Beckoning         Tloc           0%         N/A       77%         3
 Mephitic Cloud           Conj/Pois/Air  0%         N/A       77%         3
 Ozocubu's Armour         Ice            0%         N/A       77%         3
 Spider Form              Tmut/Pois      0%         N/A       77%         3
 Stone Arrow              Conj/Erth      0%         3d7       77%         3
 Teleport Other           Tloc           0%         N/A       77%         3
 Hailstorm                Conj/Ice       0%         3d3       99%         4
 Ice Form                 Ice/Tmut       0%         N/A       99%         4
 Leda's Liquefaction      Hex/Erth       0%         N/A       99%         4
 Olgreb's Toxic Radiance  Pois           0%         N/A       99%         4
 Alistair's Intoxication  Tmut/Pois      0%         N/A       100%        5
 Borgnjor's Vile Clutch   Necr/Erth      0%         N/A       100%        5
 Freezing Cloud           Conj/Ice/Air   0%         6-21      100%        5
 Metabolic Englaciation   Hex/Ice        0%         N/A       100%        5
 Silence                  Hex/Air        0%         N/A       100%        5
 Summon Mana Viper        Hex/Summ       0%         N/A       100%        5
 Yara's Violent Unravell  Hex/Tmut       0%         3d3       100%        5
 Eringya's Noxious Bog    Tmut/Pois      0%         N/A       100%        6
 Simulacrum               Ice/Necr       0%         N/A       100%        6
 Enfeeble                 Hex            0%         N/A       100%        7
 Storm Form               Tmut/Air       0%         N/A       100%        7
 Summon Hydra             Summ           0%         N/A       100%        7
 Borgnjor's Revivificati  Necr           0%         N/A       100%        8
 Disjunction              Tloc           0%         N/A       100%        8
 Necromutation            Tmut/Necr      0%         N/A       100%        8
 Chain Lightning          Conj/Air       0%         N/A       100%        9
 Death's Door             Necr           0%         N/A       100%        9
 Polar Vortex             Ice            0%         N/A       100%        9


Dungeon Overview and Level Annotations

Branches:
Dungeon (15/15) Temple (0/1) D:6 Lair (6/6) D:9 Shoals (0/4) Lair:3 Snake (0/4) Lair:4 Slime (0/5) Lair:5 Orc (2/2) D:9 Elf (2/3) Orc:2 Vaults (0/5) D:13 D:14 Depths (0/4) D:15 Volcano (visited) Gauntlet (visited)

Altars:
Fedhas
Nemelex Xobeh
Okawaru
Ru
Xom
Yredelemnul
Beogh

Shops:
D:4 (   D:5 !   D:13 :   Orc:2 ![*[=

Portals:
Trove: D:10 (give 19 potions of curing)

Annotations:
D:8 1 runed translucent door, DevastatorOne's ghost, novice GrBe
D:14 1 runed translucent door, exclusion: death knight, Frances; Qymaymp's ghost, adept GrEE


Innate Abilities, Weirdness & Mutations

You can breathe blasts of fire.
Your fiery red scales are hard. (AC +9)
You cannot fit into any form of body armour.
Your flesh is heat resistant. (rF+)
You are cold-blooded and may be slowed by cold attacks.


Message History

Aim: a deep elf zephyrmancer, wielding a +0 dagger and wearing a +0 leather armour (about 35% to evade your +4 demon trident of electrocution)
You reach to attack!
You closely miss the deep elf zephyrmancer.
Unknown command.
Reach: T) +4 demon trident (elec)
Press: ? - help, Dir - move target, f/p - deep elf zephyrmancer
Aim: a deep elf zephyrmancer, wielding a +0 dagger and wearing a +0 leather armour (about 35% to evade your +4 demon trident of electrocution)
You barely miss the deep elf zephyrmancer.
Unknown command.
Reach: T) +4 demon trident (elec)
Press: ? - help, Dir - move target, f/p - deep elf zephyrmancer
Aim: a deep elf zephyrmancer, wielding a +0 dagger and wearing a +0 leather armour (about 35% to evade your +4 demon trident of electrocution)
You closely miss the deep elf zephyrmancer.
Your tail-slap misses the deep elf zephyrmancer.
The deep elf zephyrmancer hits you with a +0 dagger.
* * * LOW HITPOINT WARNING * * *
Reach: T) +4 demon trident (elec)
Press: ? - help, Dir - move target, f/p - deep elf zephyrmancer
Aim: a deep elf zephyrmancer, wielding a +0 dagger and wearing a +0 leather armour (about 35% to evade your +4 demon trident of electrocution)
You completely miss the deep elf zephyrmancer.
Your tail-slap misses the deep elf zephyrmancer.
Unknown command.
Reach: T) +4 demon trident (elec)
Press: ? - help, Dir - move target, f/p - deep elf zephyrmancer
Aim: a deep elf zephyrmancer, wielding a +0 dagger and wearing a +0 leather armour (about 35% to evade your +4 demon trident of electrocution)
You impale the deep elf zephyrmancer!!
The deep elf zephyrmancer is heavily wounded.
The deep elf zephyrmancer mumbles some strange words.
The deep elf zephyrmancer blinks!
Reach: T) +4 demon trident (elec)
Press: ? - help, Dir - move target, f - molten gargoyle, p - deep elf zephyrmancer
Aim: a molten gargoyle, wielding a +0 mace (about 20% to evade your +4 demon trident of electrocution)
You reach to attack!
You puncture the molten gargoyle!
The molten gargoyle is heavily damaged.
The molten gargoyle blasts magma at you!
The bolt of magma hits the molten gargoyle.
The molten gargoyle partially resists.
The bolt of magma hits you! You partially resist.
You die...
Fedhas appreciates your contribution to the ecosystem.

≈≈≈≈≈ #
≈≈≈§§§≈.
###.#.9§88§≈.
..#..§≈88§§§
#e.#.§≈§§§≈§
#.#99≈≈§≈§
#..#.9.≈
#)#9#.#
#.@#.# #....#
######


You could see a deep elf zephyrmancer and 3 molten gargoyles.

Vanquished Creatures
  A minotaur (Gauntlet)
  A deep elf death mage (Orc:2)
  A rakshasa (D:15)
  2 boulder beetles
  Harold (Lair:2)
  9 hydras
  An anaconda (Lair:6)
  6 centaur warriors
  A tengu warrior (D:14)
  6 death yaks
  6 two-headed ogres
  3 orc high priests
  A vampire mage (D:15)
  Urug (D:13)
  Nergalle (Lair:2)
  A skeletal warrior (D:15)
  2 deep elf archers (Elf:1)
  A phantasmal warrior (D:14)
  A necromancer (D:15)
  7 orc knights (Orc:2)
  11 deep elf pyromancers
  A deep elf zephyrmancer (Elf:1)
  A shadow dragon zombie (D:15)
  An ugly thing (D:12)
  5 orc sorcerers
  5 manticores
  3 salamanders (Volcano)
  A tengu skeleton (D:15)
  3 cyclopes
  6 elephants
  A smoke demon (Gauntlet)
  4 black mambas
  A molten gargoyle (Elf:2)
  An eye of devastation (Gauntlet)
  2 gargoyles (D:14)
  A torpor snail (Lair:5)
  11 cane toads
  A spriggan zombie (D:15)
  2 unseen horrors
  A kobold demonologist (D:9)
  An efreet (D:13)
  A freezing wraith (D:14)
  A tengu conjurer (D:14)
  A guardian mummy (D:15)
  16 komodo dragons
  A yaktaur (D:15)
  A red devil (Gauntlet)
  2 meliai (D:11)
  A polar bear (shapeshifter) (D:15)
  8 trolls
  6 hornets (Lair:6)
  2 polar bears (Lair:6)
  9 blink frogs
  A meliai zombie (D:11)
  10 slime creatures
  A spriggan (shapeshifter) (D:15)
  12 spriggans (Lair:6)
  A ynoxinul (Gauntlet)
  46 yaks
  16 humans (D:13)
  5 wyverns
  An ettin skeleton (D:15)
  A vampire (D:8)
  2 wraiths
  3 fire bats
  4 basilisks
  3 redbacks (Gauntlet)
  7 vampire mosquitoes
  2 steam dragons
  2 golden eyes (Gauntlet)
  8 wargs
  2 nagas (Lair:4)
  2 hell hounds (Lair:4)
  12 water moccasins
  Duvessa (D:7)
  6 black bears
  2 sky beasts
  26 orc warriors
  A necrophage (D:4)
  5 centaurs
  10 ogres
  4 boggarts (Lair:6)
  25 wolves
  A phantom (D:4)
  A kobold brigand (D:9)
  11 bullfrogs
  A wyvern zombie (D:8)
  2 gnoll sergeants
  5 scorpions
  Dowan (D:7)
  2 water moccasin skeletons
  17 killer bees
  6 wights
  4 howler monkeys
  An electric eel (D:9)
  3 crimson imps (Gauntlet)
  2 centaur zombies
  A jelly (D:6)
  5 hounds
  15 orc priests
  2 bullfrog skeletons
  4 iron imps (Gauntlet)
  4 iguanas
  20 orc wizards
  A killer bee zombie (D:8)
  12 gnolls
  7 adders
  A worm (D:2)
  6 dart slugs
  55 orcs
  7 ball pythons
  6 bats
  10 endoplasms
  2 giant cockroaches
  7 goblins
  6 hobgoblins
  6 jackals
  6 quokkas
  3 frilled lizards
  10 kobolds
  4 rats
  A spectral orc (D:11)
644 creatures vanquished.

Vanquished Creatures (collateral kills)
  An orc warlord (Orc:2)
  Nessos (D:14)
  An orc high priest (Orc:2)
  An orc knight (Orc:2)
  A moth of wrath (Gauntlet)
  A meliai (D:11)
  3 wargs (Orc:2)
  A hell hound (Volcano)
  An orc warrior (Orc:2)
  A centaur (Volcano)
  3 killer bees (D:11)
  An orc wizard (Orc:2)
  2 shadow imps (Gauntlet)
  4 orcs (Orc:2)
22 creatures vanquished.

Vanquished Creatures (others)
  A deep elf pyromancer (D:12)
  A fire bat (Elf:2)
  An acid dragon (Gauntlet)
  A crimson imp (Gauntlet)
  3 orc wizards (Orc:2)
  An orc (Orc:2)
  42 fungi
  68 plants
  7 withered plants (D:15)
125 creatures vanquished.

Grand Total: 791 creatures vanquished

Notes
Turn   | Place    | Note
-------+----------+-------------------------------------------
     0 | D:5      | Angani the Draconian Delver began the quest for the Orb.
     0 | D:5      | Reached XP level 1. HP: 19/19 MP: 1/1
    42 | D:5      | Reached XP level 2. HP: 26/26 MP: 2/2
    49 | D:5      | Found Wemiappoig's Distillery.
    52 | D:5      | Noticed a scorpion
   507 | D:4      | HP: 1/27 [hound (2)]
   509 | D:4      | Reached XP level 3. HP: 1/33 MP: 3/3
   985 | D:4      | Noticed a necrophage
   986 | D:4      | Noticed a scorpion
   996 | D:4      | Killed a necrophage
   997 | D:4      | Reached skill level 5 in Fighting
   997 | D:4      | Reached XP level 4. HP: 42/42 MP: 4/4
  1008 | D:4      | Killed a scorpion
  1009 | D:4      | Reached XP level 5. HP: 28/48 MP: 5/5
  1310 | D:4      | Noticed a phantom
  1320 | D:4      | Killed a phantom
  1398 | D:2      | Reached XP level 6. HP: 57/57 MP: 6/6
  2274 | D:1      | Got the Grimoire of Mutagenic Bewitchment
  3192 | D:3      | Found a blossoming altar of Fedhas.
  3206 | D:3      | Became a worshipper of Fedhas Madash
  3899 | D:4      | Found Ytseq's Antique Weapon Shoppe.
  3901 | D:4      | Reached * piety under Fedhas
  4062 | D:4      | Reached skill level 1 in Invocations
  4368 | D:5      | Your scales start taking on a fiery red colour.
  4368 | D:5      | Reached XP level 7. HP: 59/64 MP: 6/8
  4368 | D:5      | Gained mutation: Your flesh is heat resistant. (rF+) [Red
                  | Draconian growth]
  4468 | D:5      | Reached skill level 2 in Invocations
  4846 | D:4      | Bought an iridescent quarterstaff for 252 gold pieces
  4846 | D:4      | Identified the +1 quarterstaff "Lief Tunt" {vorpal, Drain
                  | Dex+6} (You bought it in a shop on level 4 of the Dungeon)
  5161 | D:6      | Noticed a steam dragon
  5161 | D:6      | Noticed a yak
  5161 | D:6      | Noticed a yak
  5161 | D:6      | Noticed a yak
  5176 | D:6      | Noticed a yak
  5177 | D:6      | Noticed a yak
  5177 | D:6      | Noticed a yak
  5183 | D:5      | Killed a yak
  5184 | D:5      | Reached skill level 3 in Invocations
  5328 | D:6      | Identified the +0 robe of Qynutawn {Str+4}
  5330 | D:6      | Reached XP level 8. HP: 73/73 MP: 10/10
  5424 | D:6      | Reached skill level 5 in Staves
  5535 | D:6      | Reached skill level 4 in Invocations
  5654 | D:6      | Reached ** piety under Fedhas
  5664 | D:6      | Reached skill level 5 in Invocations
  5666 | D:6      | Reached XP level 9. HP: 57/81 MP: 12/12
  5997 | D:6      | Found a staircase to the Ecumenical Temple.
  6403 | D:7      | Noticed a manticore
  6414 | D:7      | Killed a manticore
  6415 | D:7      | Reached skill level 5 in Dodging
  6824 | D:7      | Found a sparkling altar of Nemelex Xobeh.
  6900 | D:7      | Noticed Duvessa
  6914 | D:7      | Killed Duvessa
  6917 | D:7      | Noticed Dowan
  6961 | D:7      | Killed Dowan
  6962 | D:7      | Reached skill level 6 in Invocations
  6965 | D:7      | Identified the +6 dagger of Okawaru's Envy {flame, rN+
                  | Dex+4}
  7373 | D:7      | Identified a scroll of acquirement
  7373 | D:7      | Acquired the +2 shield of Resistance {rF++ rC++ Will++}
  7373 | D:7      | Found the +2 shield of Resistance {rF++ rC++ Will++}
  7622 | D:7      | Reached skill level 1 in Shields
  8229 | D:8      | Identified the ring of Xuho {rElec rF+ AC+4}
  8333 | D:8      | Found a runed translucent door.
  8333 | D:8      | Found a shimmering altar of Xom.
  8333 | D:8      | Noticed DevastatorOne's ghost (novice GrBe)
  8334 | D:8      | Noticed a +2 flail of chaos
  8805 | D:8      | Noticed a deep elf pyromancer
  8826 | D:8      | Killed a deep elf pyromancer
  8826 | D:8      | Reached *** piety under Fedhas
  8827 | D:8      | Reached XP level 10. HP: 84/91 MP: 15/15
  9150 | D:8      | Noticed a two-headed ogre
  9158 | D:8      | Killed a two-headed ogre
  9159 | D:8      | Reached skill level 7 in Invocations
  9411 | D:9      | Found a staircase to the Orcish Mines.
  9476 | D:9      | Found a staircase to the Lair.
  9723 | D:9      | Reached skill level 5 in Polearms
  9911 | D:9      | Reached skill level 10 in Fighting
  9988 | D:9      | Reached skill level 8 in Invocations
 10286 | D:9      | Found a sacrificial altar of Ru.
 10302 | D:9      | Reached **** piety under Fedhas
 10579 | D:9      | Acquired 937 gold pieces
 10655 | D:9      | Reached XP level 11. HP: 96/99 MP: 17/17
 10792 | Lair:1   | Entered Level 1 of the Lair of Beasts
 11087 | D:9      | Reached skill level 5 in Shields
 11515 | Lair:1   | Reached skill level 9 in Invocations
 11942 | Lair:1   | Reached ***** piety under Fedhas
 12508 | Lair:2   | Noticed Harold
 12519 | Lair:2   | Killed Harold
 12655 | Lair:2   | Noticed a seven-headed hydra
 12676 | Lair:2   | Killed a seven-headed hydra
 12970 | Lair:2   | Noticed Nergalle
 13000 | Lair:2   | Killed Nergalle
 13001 | Lair:2   | Reached XP level 12. HP: 62/104 MP: 19/19
 13350 | Lair:2   | Noticed an eight-headed hydra
 13461 | Lair:2   | Killed an eight-headed hydra
 13462 | Lair:2   | Reached skill level 10 in Invocations
 13702 | Lair:2   | Noticed an eight-headed hydra
 13716 | Lair:2   | Killed an eight-headed hydra
 14817 | Lair:3   | Found a staircase to the Shoals.
 15251 | Orc:1    | Entered Level 1 of the Orcish Mines
 16135 | Orc:2    | Entered Level 2 of the Orcish Mines
 16388 | Orc:2    | Reached skill level 11 in Invocations
 17666 | Orc:2    | Noticed an orc warlord
 17692 | Orc:2    | Killed an orc warlord
 18136 | Orc:2    | Noticed an orc high priest
 18165 | Orc:1    | Reached XP level 13. HP: 105/113 MP: 21/21
 18397 | Orc:1    | Reached skill level 10 in Dodging
 18969 | Orc:2    | Reached ****** piety under Fedhas
 19113 | Orc:2    | Found a staircase to the Elven Halls.
 19538 | Orc:2    | Found Jismuam's Jewellery Emporium.
 20696 | Orc:2    | Reached skill level 10 in Polearms
 20696 | Orc:2    | Reached skill level 12 in Invocations
 20827 | Orc:2    | Found Ytostyes's Armour Shoppe.
 20827 | Orc:2    | Found Moell's Distillery.
 20829 | Orc:2    | Found Tamuonn's General Store.
 20829 | Orc:2    | Found Edag Jept's Antique Armour Shop.
 20849 | Orc:2    | Bought a pair of embroidered boots for 210 gold pieces
 20858 | Orc:2    | Bought 2 potions of might for 120 gold pieces
 20858 | Orc:2    | Bought a potion of haste for 150 gold pieces
 20858 | Orc:2    | Bought 2 potions of heal wounds for 150 gold pieces
 20858 | Orc:2    | Bought a potion of cancellation for 120 gold pieces
 20858 | Orc:2    | Bought a potion of lignification for 45 gold pieces
 20858 | Orc:2    | Bought a potion of haste for 150 gold pieces
 20858 | Orc:2    | Bought 2 potions of curing for 90 gold pieces
 20858 | Orc:2    | Bought a potion of mutation for 120 gold pieces
 20863 | Orc:2    | Bought a potion of mutation for 120 gold pieces
 20867 | Orc:2    | Bought the +1 cloak "Kefrir" {-Cast rC+ Str+6 Int-2} for
                  | 323 gold pieces
 21057 | Lair:4   | Found a dark tunnel.
 21083 | Volcano  | Entered a volcano
 21926 | Lair:4   | Found a staircase to the Snake Pit.
 22372 | Lair:5   | Reached skill level 10 in Shields
 23478 | Lair:5   | Reached XP level 14. HP: 121/121 MP: 23/23
 23558 | Lair:5   | Found a staircase to the Slime Pits.
 23879 | Lair:4   | Reached skill level 13 in Invocations
 24581 | Lair:6   | Entered Level 6 of the Lair of Beasts
 24627 | Lair:6   | Found a gate leading to a gauntlet.
 24636 | Gauntlet | Entered a Gauntlet
 24636 | Gauntlet | Noticed a reaper
 24636 | Gauntlet | Found a transporter.
 24636 | Gauntlet | Found a transporter.
 24637 | Gauntlet | Found a transporter.
 24637 | Gauntlet | Found a transporter.
 24640 | Gauntlet | Found a transporter.
 24651 | Gauntlet | Found a transporter.
 24674 | Gauntlet | Found a transporter.
 24679 | Gauntlet | Found a transporter.
 24737 | Gauntlet | Found a transporter.
 24747 | Gauntlet | Found a transporter.
 24762 | Gauntlet | Found a transporter.
 24772 | Gauntlet | Found a transporter.
 25620 | Gauntlet | Identified the +7 short sword of Success {vorpal, rN+}
 25708 | Gauntlet | Identified the +0 pair of boots "Biuddee" {MP+9}
 25880 | Gauntlet | Identified the +0 hat of Noon {Int+4 Stlth+}
 27330 | Lair:6   | Paralysed by a hornet for 1 turns
 28125 | D:10     | Entered Level 10 of the Dungeon
 28711 | D:10     | Found a portal to a secret trove of treasure.
 28906 | D:5      | Bought a potion of curing for 36 gold pieces
 28906 | D:5      | Bought 2 potions of cancellation for 192 gold pieces
 28906 | D:5      | Bought a potion of haste for 120 gold pieces
 29005 | D:11     | You fall into a shaft and drop 3 floors!
 29371 | D:12     | Reached skill level 14 in Invocations
 29915 | D:11     | Found a basalt altar of Yredelemnul.
 30317 | D:12     | Found a shimmering altar of Xom.
 30319 | D:12     | Found a shimmering altar of Xom.
 30319 | D:12     | Found a shimmering altar of Xom.
 30319 | D:12     | Found a shimmering altar of Xom.
 30320 | D:12     | Found a shimmering altar of Xom.
 30620 | D:12     | Reached XP level 15. HP: 126/126 MP: 25/25
 30934 | D:13     | Found Ohyf's Book Shoppe.
 31176 | D:14     | Noticed Urug
 31176 | D:14     | Noticed Nessos
 31176 | D:14     | Found a gate to the Vaults.
 31682 | D:13     | Killed Urug
 32127 | D:14     | Killed Nessos
 32496 | D:14     | Found a runed translucent door.
 32496 | D:14     | Noticed Qymaymp's ghost (adept GrEE)
 32533 | D:14     | Noticed Frances
 33039 | D:15     | Entered Level 15 of the Dungeon
 33152 | D:15     | Found a staircase to the Depths.
 34228 | D:15     | Found an iron altar of Okawaru.
 34690 | Elf:1    | Entered Level 1 of the Elven Halls
 34723 | Elf:1    | Reached skill level 15 in Invocations
 35312 | Elf:1    | Got Ts'ui Pên's Incunabulum of Forking Paths
 35451 | Elf:1    | Got the Grimoire of Axaxaxas mlö
 35475 | Elf:1    | Got Itur's Incunabulum of Combed Thunderclap
 35502 | Elf:1    | HP: 3/113 [+1 vorpal battleaxe (13)]
 35502 | Elf:1    | HP: 1/113 [+1 vorpal battleaxe (2)]
 35518 | Elf:2    | HP: 6/171 [molten gargoyle/bolt of magma (4)]
 35524 | Elf:2    | HP: 5/174 [deep elf zephyrmancer (3)]
 35527 | Elf:2    | Killed from afar by a molten gargoyle

Illustrated notes

Levels and vault maps discovered:
D:1:      saegor_arrival_miasma, layout_basic
D:2:      layout_rooms, minmay_tetromino_i4
D:3:      layout_basic, fedhas_altar_3
D:4:      kb_forest_paths, layout_basic, serial_shops, nicolae_diamond_shop
D:5:      layout_basic, serial_shops, shop
D:6:      layout_basic, minmay_temple_entry_drinking_statues
D:7:      minmay_skewed_foursquare, layout_cave_pods,
          nemelex_xobeh_ov_fountains_minmay, uniq_duvessa
D:8:      layout_basic, ebering_ghost_xom
D:9:      layout_rooms, nicolae_ru_awakened_eye, minmay_lair_entry_grove,
          minmay_orc_entry_guard_dogs, nicolae_water_bricks,
          minmay_crystal_water, minivault_19
D:10:     layout_loops_ring, enter_trove_6
D:11:     layout_rooms, yredelemnul_forgotten_temple_becter
D:12:     layout_basic, corexii_hall_statues_t, xom_shifter_show
D:13:     layout_roguey, serial_shops, shop
D:14:     layout_cave_pools, david_vaults_3, gammafunk_ghost_grave,
          nicolae_elevator_lobby_asterisk, uniq_agnes, uniq_frances
D:15:     gammafunk_depths_entry_grave, layout_grid_maze, minivault_11,
          minmay_misc_feat_secret_circle, okawaru_gym_becter, uniq_nessos
Lair:1:   layout_chaotic_city, grunt_megastairs_5, lemuel_fruit_tree
Lair:2:   layout_long_grid, uniq_harold, uniq_nergalle
Lair:3:   layout_big_grid, elwin_shoals_entry_rocks,
          chequers_serial_rivers_micro_b, beast_lair_carwin_8,
          serial_bayou_shore_b
Lair:4:   layout_concentric_octagons, guppyfry_snake_entry_island,
          enter_volcano_3
Lair:5:   layout_hall_layers, slime_dummy, pond, uniq_urug
Lair:6:   minmay_lair_end_enchanted_forest, layout_regular_city,
          gauntlet_entry_generic, grunt_forest_large_clearing_hut
Orc:1:    layout_caves
Orc:2:    grunt_orc_tribal_feast, layout_diamond_mine, serial_shops,
          nicolae_shop_window_shopping, minmay_orc_temple_a
Elf:1:    elf_arrival_002, layout_loops_cross,
          hangedman_elven_crosses_minicolossus, minmay_misc_feat_five,
          bh_hangedman_babel_library
Elf:2:    nicolae_elf_blades_crystal_corner, layout_loops_ring, minivault_8,
          uniq_aizul

Skill      XL: |  1  2  3  4  5  6  7  8  9 10 11 12 13 14 15 |
---------------+----------------------------------------------+-----
Fighting       | 4 5 6 7 8 9 10 | 10.0
Polearms       | 3 4 5 7 9 10 12 13 | 13.2
Staves         | 2 3 4 6 |  6.8
Dodging        | 2 3 4 6 7 8 9 11 12 13 | 13.0
Invocations    | 1 3 5 6 8 9 11 12 14 15 | 15.1
Shields        | 2 4 6 8 10 11 12 | 12.8
Stealth        | |  4.5

Action                   |  1- 3 |  4- 6 |  7- 9 | 10-12 | 13-15 || total
-------------------------+-------+-------+-------+-------+-------++-------
Melee: Spear             |    69 |       |    84 |   909 |   384 ||  1446
       Tailslap          |     3 |    24 |    38 |   132 |   249 ||   446
       Quarterstaff      |     6 |   226 |   134 |       |       ||   366
       Trident           |       |       |    29 |       |   285 ||   314
       Demon trident     |       |       |       |       |   935 ||   935
Throw: Throwing net      |       |       |     1 |     1 |     2 ||     4
       Javelin           |       |       |       |       |     5 ||     5
Invok: Wall of Briars    |       |       |       |     5 |     6 ||    11
       Grow Oklob        |       |       |       |     2 |     3 ||     5
       Overgrow          |       |       |       |       |     3 ||     3
 Abil: Breathe Fire      |       |       |    21 |    66 |    66 ||   153
Evoke: Wand              |       |     3 |     5 |       |     2 ||    10
       Tin of tremorston |       |       |       |       |     2 ||     2
       Phial of floods   |       |       |       |       |     1 ||     1
       Condenser vane    |       |       |       |       |     1 ||     1
  Use: Potion            |     1 |     3 |     2 |     1 |     7 ||    14
       Scroll            |     1 |     3 |     5 |     4 |    23 ||    36
 Stab: Sleeping          |     1 |    17 |     5 |     6 |    27 ||    56
       Held in net/web   |       |       |       |     1 |     1 ||     2
       Distracted        |       |       |       |     2 |     3 ||     5
       Invisible         |       |       |       |       |     2 ||     2
       Confused          |       |       |       |       |     1 ||     1
Armor: Skin              |    14 |    48 |    59 |   217 |   299 ||   637
Dodge: Dodged            |    44 |   100 |   111 |   541 |   782 ||  1578
Block: Kite shield       |       |       |    64 |   567 |   903 ||  1534
